 Dungeon Crawl Stone Soup version 0.32-a0-612-g1c984fe (webtiles) character file.

Game seed: 3374502485019121764

64715 Zagger the Cleaver (level 15, 0/115 HPs)
             Began as a Coglin Fighter on Mar 3, 2024.
             Was a High Priest of Yredelemnul.
             Shot with an arrow by a centaur warrior (13 damage)
             ... on level 14 of the Dungeon on Mar 4, 2024.
             The game lasted 00:27:47 (22496 turns).

Zagger the Cleaver (Coglin Fighter)                Turns: 22496, Time: 00:27:47

Health: 0/115      AC: 17    Str: 28    XL:     15   Next: 14%
Magic:  12/12      EV:  9    Int: 10    God:    Yredelemnul [*****.]
Gold:   351        SH:  0    Dex: 15    Spells: 14/14 levels left

rFire   + . .        p - +3 demon whip (venom) {Qiuyue}
rCold   + . .        o - +10 mace "Tialumij" {venom, rElec rF+ MP-9 Str+6}
rNeg    . . .        y - +0 plate armour
rPois   +            (helmet restricted)
rElec   +            c - scarf "Kiduthry" {shadows, Will+ Dex+2}
rCorr   +            s - +0 pair of gloves
SInv    .            r - +0 pair of boots
Will    ++...        (amulet unavailable) Stlth
                     (ring unavailable)
HPRegen 0.39/turn    (ring unavailable)
MPRegen 0.13/turn    J - actuated scope {Gadgeteer, rPois rC+ rCorr}

%: no passive effects
@: wreathed by umbra, revving
A: off-hand wielding, slow wielding, warmup strikes, no jewellery, horns 1,
inability to drink after injury 1, noise suppression
a: Renounce Religion, Light the Black Torch, Recall Undead Harvest, Hurl
Torchlight, Bind Soul, Fathomless Shackles


You were on level 14 of the Dungeon.
You worshipped Yredelemnul.
Yredelemnul was aware of your devotion.
You visited 3 branches of the dungeon, and saw 20 of its levels.
You also visited: Ossuary.

You collected 1917 gold pieces.
You spent 1566 gold pieces at shops.

Inventory:

Hand Weapons
 f - the +3 trident "Goblinslayer" {drain, ^Fragile Int+3 Dex+2}
   (You bought it in a shop on level 11 of the Dungeon)

   Int+3:     It affects your intelligence (+3).
   Dex+2:     It affects your dexterity (+2).
   ^Fragile:  It will be destroyed if unequipped.
 o - the +10 mace "Tialumij" (offhand) {venom, rElec rF+ MP-9 Str+6}
   (You bought it in a shop on level 5 of the Dungeon)

   Str+6:     It affects your strength (+6).
   rF+:       It protects you from fire.
   rElec:     It insulates you from electricity.
   MP-9:      It affects your magic capacity (-9).
 p - a +3 demon whip of venom (weapon) {Qiuyue}
Missiles
 i - a throwing net
Armour
 c - the scarf "Kiduthry" (worn) {shadows, Will+ Dex+2}
   (You bought it in a shop on level 11 of the Dungeon)

   Dex+2:     It affects your dexterity (+2).
   Will+:     It increases your willpower.
 r - a +0 pair of boots (worn)
 s - a +0 pair of gloves (worn)
 x - a +1 cloak
 y - a +0 plate armour (worn)
Gizmo
 J - an actuated scope (installed) {Gadgeteer, rPois rC+ rCorr}
   (You invented it yourself on level 5 of the Lair of Beasts)

   [actuated scope]

   Gadgeteer: Your evocable items recharge 30% faster and wands have a 30%
   chance to not spend a charge.
   rC+:       It protects you from cold.
   rPois:     It protects you from poison.
   rCorr:     It protects you from acid and corrosion.
Wands
 b - a wand of warping (7)
 j - a wand of flame (98)
 w - a wand of mindburst (11)
 C - a wand of polymorph (10)
 D - a wand of digging (22)
 H - a wand of charming (14)
 I - a wand of acid (1)
Scrolls
 h - 13 scrolls of teleportation
 k - 16 scrolls of identify
 l - 2 scrolls of vulnerability
 m - 3 scrolls of immolation
 v - 2 scrolls of poison
 z - 3 scrolls of amnesia
 A - 2 scrolls of revelation
 B - 5 scrolls of fear
 F - 2 scrolls of blinking
Potions
 d - 4 potions of heal wounds
 e - a potion of ambrosia
 g - a potion of mutation
 n - a potion of resistance
 q - 3 potions of brilliance
 t - 2 potions of might
 u - 25 potions of curing
 E - 2 potions of attraction
 G - a potion of invisibility
Miscellaneous
 a - a tin of tremorstones (2/2)


   Skills:
 + Level 10.2 Fighting
 * Level 14.0(16.2) Axes
 + Level 12.4(14.7) Maces & Flails
 + Level 10.1 Armour
 + Level 2.8 Dodging
 + Level 3.3 Stealth
 + Level 2.4 Shields
 * Level 8.6 Invocations
 + Level 2.1 Evocations


You had 14 spell levels left.
You didn't know any spells.
Your spell library contained the following spells:

 Spells                   Type           Power      Damage    Failure   Level
 Ensorcelled Hibernation  Hex/Ice        0%         N/A       99%         2
 Jinxbite                 Hex            0%         N/A       99%         2
 Fugue of the Fallen      Necr           0%         N/A       100%        3
 Anguish                  Hex/Necr       0%         N/A       100%        4
 Ignite Poison            Fire/Alch      0%         N/A       100%        4
 Sticky Flame             Fire/Alch      0%         2d4       100%        4
 Vhi's Electric Charge    Tloc/Air       0%         N/A       100%        4
 Arcjolt                  Conj/Air       0%         1d10      100%        5
 Iskenderun's Battlesphe  Conj           0%         2d6       100%        5
 Yara's Violent Unravell  Hex/Alch       0%         3d3       100%        5
 Bombard                  Conj/Erth      0%         9d1       100%        6
 Enfeeble                 Hex            0%         N/A       100%        7
 Spellforged Servitor     Conj/Summ      0%         N/A       100%        7
 Ignition                 Fire           0%         3d3       100%        8
 Maxwell's Capacitive Co  Air            0%         ∞         100%        8


Dungeon Overview and Level Annotations

Branches:
Dungeon (14/15)            Temple (1/1) D:5            Lair (5/5) D:10
 Shoals (0/4) Lair:2       Spider (0/4) Lair:3        Slime (0/5) Lair:5
    Orc (0/2) D:9         Ossuary (visited)
 Vaults: D:13-14

Altars:
Ashenzari
Cheibriados
Dithmenos
Elyvilon
Fedhas
Gozag
Hepliaklqana
Kikubaaqudgha
Makhleb
Nemelex Xobeh
Okawaru
Qazlal
Ru
Sif Muna
Trog
Uskayaw
Vehumet
Wu Jian
Xom
Yredelemnul
Zin
The Shining One
Jiyva

Shops:
D:1 *   D:5 (?(   D:10 !   D:11 *

Annotations:
D:5 3 runed translucent doors, Aorika's ghost, novice MDFi; Tanach's ghost, novice CoMo
D:9 3 runed translucent doors, Aorika's ghost, novice MDFi
Lair:4 3 runed translucent doors, 1lSu2w's ghost, journeyman OnAE; Disoufrejy's ghost, journeyman MiFi; waagh's ghost, journeyman MfFi
Lair:5 2 transporters, exclusion: obsidian statue, kasel's ghost, journeyman OnFi


Innate Abilities, Weirdness & Mutations

You can wield a second weapon in your off-hand.
It takes a long time for you to wield or remove held weapons.
Your first few attacks do less damage.
You cannot equip rings or amulets.
You have a pair of small horns on your head.
You occasionally lose the ability to drink potions when taking damage.
You passively dampen the noise of your surroundings.


Message History

You are too injured to fight recklessly!
You are too injured to fight recklessly!
You are too injured to fight recklessly!
You are too injured to fight recklessly!
You are too injured to fight recklessly!
You are too injured to fight recklessly!
You are too injured to fight recklessly!
You are too injured to fight recklessly!
You thump the six-headed hydra with the +10 mace "Tialumij"!
You headbutt the six-headed hydra!
The six-headed hydra is moderately wounded.
You whack the six-headed hydra with your +3 demon whip of venom!
The six-headed hydra looks as sick as possible!
The centaur warrior shoots an arrow.
The arrow hits you but does no damage.
The six-headed hydra bites you but does no damage. x2
The six-headed hydra closely misses you.
The six-headed hydra bites you. The six-headed hydra bites you! x2
* * * LOW HITPOINT WARNING * * *
You sock the six-headed hydra with the +10 mace "Tialumij"!
Your headbutt misses the six-headed hydra.
The six-headed hydra is heavily wounded.
You hit the six-headed hydra with your +3 demon whip of venom.
The centaur warrior shoots an arrow.
The arrow completely misses you.
The arrow hits your bound dire elephant.
You whack the six-headed hydra with your +3 demon whip of venom!
The six-headed hydra is severely wounded.
You thump the six-headed hydra with the +10 mace "Tialumij"!
The six-headed hydra looks as sick as possible!
The six-headed hydra bites you!
* * * LOW HITPOINT WARNING * * *
The six-headed hydra closely misses you. x2
The six-headed hydra bites you but does no damage. x3
The centaur warrior shoots an arrow.
The arrow hits you!
* * * LOW HITPOINT WARNING * * *
You sock the six-headed hydra with the +10 mace "Tialumij"!
You kill the six-headed hydra!
Their soul becomes fuel for the torch.
The dead are walking!
The centaur warrior shoots an arrow.
The arrow hits you!
You die...
Your body rises from the dead as a mindless zombie.

#..........######...>...
##.##########.#...#.....
#. #...)....$.... #
#..##Z)#........
##.#..#...#..#
#.#.#........#
##..Z..#...#.
#.###ZZ..$.+#
#Z.@Z#..... ###.#...#..
c#..#.... .# ....... ##
......# ##.# ..


You could see a centaur warrior (ally target), a friendly spectral efreet, a
friendly bound dire elephant, a friendly six-headed hydra zombie, a friendly
death knight zombie and a friendly centaur warrior zombie.

Vanquished Creatures
  A dire elephant (Lair:5)
  4 hydras
  A centaur warrior (D:14)
  3 boulder beetles
  4 two-headed ogres
  A death knight (D:12)
  A merfolk aquamancer (D:12)
  Amaemon (D:8)
  A spectral death yak (Lair:5)
  A skeletal warrior (D:12)
  A skyshark (Lair:4)
  A spectral anaconda (Lair:5)
  An arcanist (D:13)
  A lindwurm (Lair:5)
  4 necromancers (Lair:5)
  2 cyclopes
  2 deep elf pyromancers (D:12)
  4 manticores
  Maurice (D:8)
  2 ugly things (D:13)
  9 elephants (Lair:5)
  Joseph (D:7)
  4 black mambas
  13 cane toads
  A torpor snail (Lair:5)
  A gargoyle (D:8)
  An orange demon (D:8)
  Maggie (D:7)
  4 komodo dragons
  An unseen horror (D:10)
  3 freezing wraiths (D:14)
  2 hornets
  2 dream sheep (Lair:5)
  A troll (D:11)
  7 blink frogs
  Prince Ribbit (D:7)
  Sigmund (D:2)
  3 slime creatures (D:12)
  2 wraiths (D:12)
  3 vampires
  4 basilisks
  5 wyverns
  A shadow (D:10)
  33 yaks
  2 death yak simulacra (Lair:5)
  2 steam dragons
  Eustachio (D:5)
  2 vampire mosquitoes (D:11)
  Menkaure (D:4)
  3 spectral cane toads (Lair:5)
  An acid dragon (D:11)
  9 water moccasins
  2 orc warriors
  An ice beast (D:5)
  A black bear (D:7)
  20 wolves
  9 ogres (D:10)
  An elephant skeleton (Lair:5)
  A centaur (D:10)
  2 phantoms
  6 kobold brigands
  3 elf zombies (Ossuary)
  10 bullfrogs
  5 scorpions
  5 wights
  A burial acolyte (Ossuary)
  8 killer bees
  4 howler monkeys
  2 centaur zombies (Ossuary)
  A jelly (D:4)
  A bombardier beetle (D:5)
  2 human zombies (Ossuary)
  3 orc priests
  2 gnoll boudas
  3 hounds
  2 spectral scorpions (Ossuary)
  An iguana (D:5)
  Terence (D:3)
  15 orc wizards
  A sleepcap (D:5)
  Natasha (thrice) (D:3)
  2 hound zombies (Ossuary)
  3 mummies (Ossuary)
  Robin (D:2)
  20 gnolls
  5 adders
  2 shadow imps
  5 adder zombies (Ossuary)
  2 dart slugs
  26 orcs
  9 endoplasms
  13 goblins
  9 hobgoblins
  12 jackals
  4 quokkas
  8 ball pythons
  4 ball python zombies (Ossuary)
  5 bats
  2 frilled lizards
  6 jackal zombies (Ossuary)
  31 kobolds
  3 kobold zombies (Ossuary)
  3 rats
453 creatures vanquished.

Vanquished Creatures (collateral kills)
  4 hydras
  A two-headed ogre (D:12)
  A death knight (D:14)
  2 boulder beetles
  A death yak (Lair:5)
  A merfolk aquamancer (D:12)
  2 skeletal warriors (D:12)
  A phantasmal warrior (D:12)
  2 ugly things
  A manticore (D:11)
  3 elephants (Lair:5)
  A black mamba (Lair:2)
  Jeremiah (D:7)
  2 cane toads (Lair:2)
  3 freezing wraiths
  An efreet (D:14)
  3 polar bears
  A blink frog (Lair:5)
  A slime creature (D:12)
  2 wraiths
  7 yaks
  A basilisk (Lair:5)
  A death yak simulacrum (Lair:5)
  3 orc warriors
  2 elephant zombies (Lair:5)
  A centaur (D:10)
  An ogre (D:10)
  A bullfrog (D:8)
  2 gnoll sergeants (D:8)
  A wight (D:9)
  2 gnolls
  A shadow imp (D:7)
  A white imp (D:7)
  4 orcs
  A kobold (D:8)
63 creatures vanquished.

Vanquished Creatures (others)
  A spectral dire elephant (Lair:5)
  A merfolk aquamancer (D:12)
  2 water nymphs (D:12)
  An unseen horror zombie (D:10)
  A hydra zombie (Lair:5)
  A slime creature zombie (D:12)
  A cane toad zombie (Lair:5)
  2 human zombies (Lair:5)
  A manticore zombie (D:12)
  3 elephant zombies (Lair:5)
  2 blink frog zombies (Lair:5)
  A wyvern zombie (Lair:5)
  3 yak zombies
  A killer bee (D:9)
  An electric eel (D:12)
  A centaur zombie (D:10)
  4 wolf zombies
  A bullfrog zombie (Lair:1)
  A killer bee zombie (D:10)
  A howler monkey zombie (D:9)
  5 kobold zombies
  8 orc zombies
43 creatures vanquished.

Grand Total: 559 creatures vanquished

Notes
Turn   | Place    | Note
-------+----------+-------------------------------------------
     0 | D:1      | Zagger the Coglin Fighter began the quest for the Orb.
     0 | D:1      | Reached XP level 1. HP: 18/18 MP: 1/1
   163 | D:1      | Reached XP level 2. HP: 20/24 MP: 2/2
   202 | D:1      | Found Buok's Assorted Antiques.
   239 | D:1      | Found a faded altar of an unknown god.
   340 | D:1      | Reached XP level 3. HP: 29/29 MP: 3/3
   794 | D:2      | Noticed Robin
   901 | D:2      | Killed Robin
   902 | D:2      | Reached skill level 3 in Axes
   902 | D:2      | Reached XP level 4. HP: 35/35 MP: 4/4
   967 | D:2      | Noticed Sigmund
   973 | D:2      | Killed Sigmund
   974 | D:2      | Reached skill level 4 in Axes
   974 | D:2      | Reached XP level 5. HP: 32/42 MP: 5/5
   974 | D:2      | Reached XP level 6. HP: 37/48 MP: 6/6
  1595 | D:2      | Gained mutation: You occasionally lose the ability to drink
                  | potions when taking damage. [potion of mutation]
  1595 | D:2      | Gained mutation: You passively dampen the noise of your
                  | surroundings. [potion of mutation]
  1595 | D:2      | Gained mutation: You have a pair of small horns on your
                  | head. [potion of mutation]
  1603 | D:3      | Noticed Terence
  1610 | D:3      | Killed Terence
  1649 | D:3      | Identified the +0 leather armour "Anetuoriro" {Str+3}
  1829 | D:3      | Noticed Natasha
  1834 | D:3      | Killed Natasha
  2236 | D:3      | Noticed Natasha
  2243 | D:3      | Killed Natasha
  2244 | D:3      | Reached skill level 5 in Axes
  2244 | D:3      | Reached skill level 1 in Dodging
  2352 | D:3      | Reached skill level 1 in Maces & Flails
  2360 | D:3      | Noticed Natasha
  2368 | D:3      | Killed Natasha
  2701 | D:4      | Noticed Menkaure
  2711 | D:4      | Killed Menkaure
  2712 | D:4      | Reached XP level 7. HP: 32/54 MP: 7/7
  3393 | D:4      | Reached skill level 6 in Axes
  3632 | D:4      | Reached XP level 8. HP: 61/61 MP: 8/8
  3743 | D:4      | Found a glowing golden altar of the Shining One.
  3743 | D:4      | Found a sparkling altar of Nemelex Xobeh.
  4148 | D:4      | Found a white marble altar of Elyvilon.
  4164 | D:5      | Entered Level 5 of the Dungeon
  4238 | D:5      | Found a staircase to the Ecumenical Temple.
  4246 | Temple   | Entered the Ecumenical Temple
  4290 | Temple   | Became a worshipper of Yredelemnul the Fallen
  4370 | D:5      | Found Qinenyudd's Antique Weapon Boutique.
  4543 | D:5      | Reached skill level 1 in Invocations
  4642 | D:5      | Bought a translucent mace for 184 gold pieces
  4642 | D:5      | Identified the +10 mace "Tialumij" {venom, rElec rF+ MP-9
                  | Str+6} (You bought it in a shop on level 5 of the Dungeon)
  4681 | D:5      | Reached skill level 7 in Axes
  4803 | D:5      | Noticed Eustachio
  4811 | D:5      | Killed Eustachio
  4885 | D:5      | Found Iseq's Magic Scroll Boutique.
  4895 | D:5      | Bought a scroll of teleportation for 33 gold pieces
  4902 | D:5      | Found Ynanaa's Antique Weapon Shop.
  4927 | D:5      | Identified a scroll of acquirement
  4927 | D:5      | Acquired 685 gold pieces
  5204 | D:5      | Reached skill level 8 in Axes
  5204 | D:5      | Reached XP level 9. HP: 62/66 MP: 1/10
  5336 | D:5      | Found Buuziry's Jewellery Emporium.
  5336 | D:5      | Found a runed translucent gate.
  5336 | D:5      | Found a runed translucent gate.
  5336 | D:5      | Found a runed translucent gate.
  5355 | D:5      | Noticed Aorika's ghost (novice MDFi)
  5355 | D:5      | Noticed Tanach's ghost (novice CoMo)
  5561 | D:1      | Bought a scroll labelled YSENIBB WACOAD for 22 gold pieces
  5561 | D:1      | Bought a pair of boots for 99 gold pieces
  5561 | D:1      | Bought a pair of gloves for 99 gold pieces
  5561 | D:1      | Bought a scroll labelled YCSOR PALA for 22 gold pieces
  5561 | D:1      | Bought a potion of curing for 66 gold pieces
  5692 | D:5      | Bought a twisted scimitar for 252 gold pieces
  5692 | D:5      | Identified the +3 scimitar "Nijin" {freeze, rElec rF- rN+++
                  | Stlth+} (You bought it in a shop on level 5 of the Dungeon)
  6176 | D:6      | Found a sand-covered staircase.
  6187 | Ossuary  | Entered an ossuary
  6308 | Ossuary  | Reached skill level 5 in Armour
  6614 | D:6      | Noticed a hornet
  6619 | D:6      | Killed a hornet
  6620 | D:6      | Reached skill level 9 in Axes
  6696 | D:6      | Reached skill level 5 in Fighting
  7313 | D:7      | Noticed Maggie
  7325 | D:7      | Killed Maggie
  7326 | D:7      | Reached XP level 10. HP: 54/74 MP: 3/12
  7454 | D:7      | Reached skill level 10 in Axes
  7606 | D:7      | Identified the +6 sling "Uqigucw" {elec, Int+9 Dex-3
                  | Stlth-}
  7608 | D:7      | Noticed Jeremiah
  7616 | D:7      | Killed Jeremiah
  7617 | D:7      | Reached skill level 5 in Maces & Flails
  7819 | D:7      | Noticed Joseph
  7828 | D:7      | HP: 2/74 [Joseph/+3 spectral quarterstaff (12)]
  7829 | D:7      | Killed Joseph
  8071 | D:7      | Noticed Prince Ribbit
  8075 | D:7      | Killed Prince Ribbit
  8081 | D:7      | Reached * piety under Yredelemnul
  8239 | D:8      | Found a burning altar of Makhleb.
  8467 | D:8      | Identified the +0 robe of the Unseen Realm {rN+ Will+ Int-5
                  | Dex+3}
  8479 | D:8      | Noticed an orange demon
  8479 | D:8      | Noticed Amaemon
  8488 | D:8      | Killed an orange demon
  8491 | D:8      | Killed Amaemon
  8492 | D:8      | Reached skill level 11 in Axes
  8492 | D:8      | Reached skill level 1 in Evocations
  8696 | D:8      | Found a snail-covered altar of Cheibriados.
  8742 | D:8      | Noticed Maurice
  8764 | D:8      | Maurice stole the +3 scimitar "Nijin" {freeze, rElec rF-
                  | rN+++ Stlth+}
  8765 | D:8      | Maurice stole a throwing net
  8767 | D:8      | Killed Maurice
  9223 | D:9      | Noticed a gargoyle
  9230 | D:9      | Reached XP level 11. HP: 52/81 MP: 5/14
  9676 | D:9      | Found a runed translucent gate.
 10092 | D:9      | Found a runed translucent gate.
 10094 | D:9      | Found a runed translucent gate.
 10122 | D:9      | Found a staircase to the Orcish Mines.
 10126 | D:9      | Reached skill level 5 in Invocations
 10307 | D:9      | Noticed Aorika's ghost (novice MDFi)
 10386 | D:10     | Entered Level 10 of the Dungeon
 10419 | D:10     | Reached ** piety under Yredelemnul
 10576 | D:10     | Found Vyntuts's Distillery.
 10584 | D:10     | Bought a potion of curing for 39 gold pieces
 10584 | D:10     | Bought 2 potions of curing for 78 gold pieces
 10584 | D:10     | Bought a potion of heal wounds for 65 gold pieces
 10584 | D:10     | Bought 2 potions of curing for 78 gold pieces
 10584 | D:10     | Bought a potion of curing for 39 gold pieces
 11005 | D:10     | Found a staircase to the Lair.
 11414 | D:10     | Noticed a two-headed ogre
 11414 | D:10     | Noticed a two-headed ogre
 11418 | D:10     | Noticed a two-headed ogre
 11423 | D:10     | Killed a two-headed ogre
 11426 | D:10     | Killed a two-headed ogre
 11430 | D:10     | Killed a two-headed ogre
 11643 | Lair:1   | Entered Level 1 of the Lair of Beasts
 11697 | Lair:1   | Reached skill level 1 in Stealth
 11710 | Lair:1   | Reached XP level 12. HP: 91/91 MP: 7/16
 11925 | Lair:1   | Reached *** piety under Yredelemnul
 12081 | Lair:1   | Reached skill level 12 in Axes
 12186 | Lair:1   | Upgraded the game from 0.32-a0-607-g64ea0e4 to
                  | 0.32-a0-612-g1c984fe
 12275 | Lair:1   | Noticed an eight-headed hydra
 12281 | Lair:1   | Killed an eight-headed hydra
 13224 | Lair:2   | Reached **** piety under Yredelemnul
 13536 | Lair:2   | Found a staircase to the Shoals.
 13862 | Lair:3   | Noticed an eight-headed hydra
 13872 | Lair:3   | Killed an eight-headed hydra
 13873 | Lair:3   | Reached XP level 13. HP: 74/98 MP: 8/17
 13953 | Lair:3   | Found a hole to the Spider Nest.
 14371 | Lair:3   | Reached skill level 10 in Maces & Flails
 14458 | Lair:3   | Found a hide-covered altar of Uskayaw.
 14458 | Lair:3   | Found an ornate altar of the Wu Jian Council.
 15441 | Lair:4   | Found a runed translucent gate.
 15442 | Lair:4   | Found a runed translucent gate.
 15443 | Lair:4   | Found a runed translucent gate.
 15760 | Lair:4   | Identified the +8 chain mail of Objectivity {rElec rN+
                  | Will- Dex+4}
 16111 | Lair:4   | Noticed waagh's ghost (journeyman MfFi)
 16111 | Lair:4   | Noticed Disoufrejy's ghost (journeyman MiFi)
 16111 | Lair:4   | Noticed 1lSu2w's ghost (journeyman OnAE)
 16129 | Lair:5   | Entered Level 5 of the Lair of Beasts
 16266 | Lair:5   | Reached ***** piety under Yredelemnul
 16520 | Lair:5   | Noticed a dire elephant
 16520 | Lair:5   | Noticed a dire elephant
 16532 | Lair:5   | Reached skill level 13 in Axes
 16595 | Lair:5   | Found a viscous altar of Jiyva.
 16596 | Lair:5   | Found a staircase to the Slime Pits.
 16678 | Lair:5   | Noticed kasel's ghost (journeyman OnFi)
 16686 | Lair:5   | Found a bloodstained altar of Trog.
 16700 | Lair:5   | Found a transporter.
 16700 | Lair:5   | Found a transporter.
 16966 | Lair:5   | Reached XP level 14. HP: 82/108 MP: 10/19
 17171 | Lair:5   | Acquired an actuated scope {Gadgeteer, rPois rC+ rCorr}
 17307 | Lair:5   | Noticed a dire elephant
 18053 | Lair:5   | Killed a dire elephant
 18053 | Lair:5   | Bound a dire elephant
 18305 | Lair:5   | Killed a dire elephant
 18352 | Lair:5   | Killed a dire elephant
 18352 | Lair:5   | Bound a dire elephant
 19320 | D:11     | Found Sywuim's Assorted Antiques.
 19325 | D:11     | Bought a scroll of teleportation for 60 gold pieces
 19325 | D:11     | Bought a dazzling scarf for 200 gold pieces
 19325 | D:11     | Identified the scarf "Kiduthry" {shadows, Will+ Dex+2} (You
                  | bought it in a shop on level 11 of the Dungeon)
 19325 | D:11     | Bought a potion of curing for 60 gold pieces
 19325 | D:11     | Bought a smoking trident for 170 gold pieces
 19325 | D:11     | Identified the +3 trident "Goblinslayer" {drain, ^Fragile
                  | Int+3 Dex+2} (You bought it in a shop on level 11 of the
                  | Dungeon)
 20270 | D:12     | Reached skill level 10 in Fighting
 21401 | D:13     | Reached XP level 15. HP: 103/115 MP: 12/21
 21719 | D:13     | Identified the +5 hand axe of Duty {protect, rPois Dex+3}
 22141 | D:14     | Reached skill level 10 in Armour
 22144 | D:14     | Reached skill level 14 in Axes
 22496 | D:14     | Shot with an arrow by a centaur warrior

Illustrated notes

Levels and vault maps discovered:
D:1:      shiori_arrival_elements, layout_rooms,
          shapermc_ecumenical_altar_totnotflames, serial_shops, shop
D:2:      layout_loops_cross, uniq_robin, uniq_sigmund
D:3:      layout_basic, uniq_natasha, uniq_terence
D:4:      layout_layer_cave, nicolae_overflow_two_pavilions,
          mainiacjoe_overflow_alcove_2, uniq_menkaure
D:5:      layout_loops_corners, minmay_temple_entry_proselytizer,
          gammafunk_ghost_cemetery, serial_shops, nicolae_shop_stone, shop,
          shop, nicolae_shop_crystal, uniq_eustachio
D:6:      wad_pebble_path, layout_basic, nicolae_ossuary_entry_monument,
          blue_anna_alchemist
D:7:      layout_rooms, uniq_prince_ribbit1, uniq_maggie, uniq_joseph,
          uniq_jeremiah
D:8:      layout_basic, overflow_temple_1_default, chei_slow_surprise,
          minmay_checkerbox, uniq_maurice, uniq_amaemon
D:9:      layout_rooms, orc_0_dummy, gammafunk_ghost_icy
D:10:     lemuel_ogre_cave, layout_irregular_city, dpeg_oklobed_lair,
          serial_shops, nicolae_diamond_shop, kennysheep_generic_room_6
D:11:     layout_long_grid, serial_shops, nicolae_shop_trees
D:12:     layout_cave_pods, nicolae_splish_splash
D:13:     layout_loops_ring
D:14:     layout_roguey, grunt_vaults_entry_fortified, hangedman_decor_points,
          hangedman_abyss_or_decor_stabs, minmay_increasing_density
Temple:   sentei_temple_godly_chess
Lair:1:   layout_regular_city, grunt_megastairs_1
Lair:2:   layout_roguey, minmay_shoals_entry_beasts, serial_bayou_lagoon_a,
          minmay_holes, grunt_megastairs_4
Lair:3:   layout_hall_layers, spider_nest_entry_web_field, st_stairs_10,
          nzn_masters_of_martial_movement, infiniplex_staircase_pool
Lair:4:   layout_gridlike, gammafunk_ghost_cemetery, dreamdust_mushroom_princess
Lair:5:   due_jungle_book, layout_regular_city, slime_entry_1,
          gammafunk_ghost_wrathful_warriors

Skill      XL: |  1  2  3  4  5  6  7  8  9 10 11 12 13 14 15 |
---------------+----------------------------------------------+-----
Axes           | 3 4 5 6 8 9 11 12 13 14 | 14.0
Armour         | 3 4 5 6 7 8 9 10 | 10.1
Dodging        | 1 2 |  2.8
Maces & Flails | 1 2 3 4 5 8 9 11 12 | 12.4
Fighting       | 4 5 6 7 8 9 10 | 10.2
Invocations    | 2 3 4 5 6 7 8 |  8.6
Evocations     | 1 2 |  2.1
Stealth        | 1 2 3 |  3.3
Shields        | |  2.4

Action                     |  1- 3 |  4- 6 |  7- 9 | 10-12 | 13-15 || total
---------------------------+-------+-------+-------+-------+-------++-------
  Melee: War axe           |    87 |    61 |   203 |    61 |       ||   412
         Whip              |    30 |    63 |    48 |       |       ||   141
         Headbutt          |       |     8 |    45 |    86 |   126 ||   265
         Flail             |       |       |    21 |       |       ||    21
         Mace              |       |       |   139 |   336 |   391 ||   866
         Demon whip        |       |       |       |   253 |   388 ||   641
 Invoke: Light the Black T |       |       |     2 |     6 |     6 ||    14
         Recall Undead Har |       |       |       |       |     3 ||     3
         Bind Soul         |       |       |       |       |     2 ||     2
Ability: Invent Gizmo      |       |       |       |       |     1 ||     1
  Evoke: Wand              |       |     1 |     2 |    11 |       ||    14
    Use: Potion            |     1 |     6 |     1 |     6 |       ||    14
         Scroll            |       |     3 |     8 |     4 |     3 ||    18
   Stab: Distracted        |       |       |     1 |     1 |     8 ||    10
 Armour: Scale mail        |   105 |    10 |       |       |       ||   115
         Chain mail        |       |    47 |   164 |   115 |       ||   326
         Plate armour      |       |       |       |   189 |   348 ||   537
  Dodge: Dodged            |    59 |    22 |    99 |   161 |   120 ||   461
  Block: Buckler           |    10 |       |       |       |       ||    10

Table legend: (Time is in decaauts)
 A = Elapsed time spent in this place.
 B = Non-inter-level travel time spent in this place.
 C = Inter-level travel time spent in this place.
 D = Time resting spent in this place.
 E = Time spent auto-exploring this place.
 F = Levels seen in this place.
 G = Mean time per level.
                   A        B        C        D        E       F      G
               +--------+--------+--------+--------+--------+-----+--------+
         Total |  22368 |  21359 |   1009 |    613 |  17923 |  21 | 1065.1 |
       Dungeon |  14985 |  14277 |    708 |    183 |  12195 |  14 | 1070.4 |
        Temple |     54 |     40 |     14 |      0 |     38 |   1 |   54.0 |
          Lair |   6901 |   6614 |    287 |    330 |   5493 |   5 | 1380.2 |
       Ossuary |    427 |    427 |      0 |    100 |    197 |   1 |  427.0 |
               +--------+--------+--------+--------+--------+-----+--------+

Top non-repeatable levels by time:
  Lair:5: 2436 daAuts
    D:12: 1755 daAuts
     D:4: 1525 daAuts
     D:8: 1449 daAuts
     D:5: 1314 daAuts
    D:10: 1270 daAuts
  Lair:1: 1250 daAuts
     D:7: 1235 daAuts
  Lair:4: 1189 daAuts
     D:3: 1161 daAuts
  Lair:3: 1068 daAuts
  Lair:2: 957 daAuts
    D:13: 896 daAuts
     D:1: 891 daAuts
     D:2: 831 daAuts
